 Dungeon Crawl Stone Soup version 0.30.1-11-g7821555f0a (webtiles) character file.

Game seed: 14914418407300660332

38 lonewolfV2 the Shield-Bearer (level 3, -5/30 HPs)
             Began as a Formicid Fighter on Nov 9, 2023.
             Killed by nerve-wracking pain
             ... invoked by Jessica
              (10 damage)
             ... on level 2 of the Dungeon.
             The game lasted 00:03:06 (868 turns).

lonewolfV2 the Shield-Bearer (Formicid Fighter)      Turns: 868, Time: 00:03:07

Health: -5/30      AC:  9    Str: 20    XL:     3   Next: 65%
Magic:  4/4        EV:  8    Int:  7    God:
Gold:   34         SH:  5    Dex: 15    Spells: 2/2 levels left

rFire   . . .        a - +0 war axe
rCold   . . .        c - +0 buckler
rNeg    . . .        h - +0 chain mail
rPois   .            (helmet unavailable)
rElec   .            (no cloak)
rCorr   .            (no gloves)
SInv    +            (no boots)
Will    .....        (no amulet) Stlth
                     (no ring)
HPRegen 0.25/turn    (no ring)
MPRegen 0.09/turn

%: no passive effects
@: mighty
A: permanent stasis, dig shafts and tunnels, antennae 3, four strong arms
a: Dig, Shaft Self


You were on level 2 of the Dungeon.
You visited 1 branch of the dungeon, and saw 2 of its levels.

You collected 34 gold pieces.

Inventory:

Hand Weapons
 a - a +0 war axe (weapon)
Missiles
 b - a throwing net
Armour
 c - a +0 buckler (worn)
 h - a +0 chain mail (worn)
Potions
 i - a potion of lignification {unknown}
 j - a potion of degeneration {unknown}


   Skills:
 + Level 3.7 Fighting
 - Level 2.0 Axes
 - Level 3.2 Armour
 * Level 1.8 Dodging
 - Level 4.0 Shields
 + Level 1.5 Invocations


You had 2 spell levels left.
You didn't know any spells.
Your spell library was empty.

Dungeon Overview and Level Annotations

Branches:
Dungeon (2/15)

Altars:

Annotations:
D:2 1 runed translucent door, Crazy Yiuf, Jessica, Sigmund


Innate Abilities, Weirdness & Mutations

You cannot be hasted, slowed, berserked, paralysed or teleported.
You can dig through walls and to a lower floor.
You have a pair of large antennae on your head. (SInv)
Your four strong arms can wield two-handed weapons with a shield.


Message History

You block the rat's attack. Sigmund barely misses you.
The ball python bites you but does no damage.
The ball python constricts you.
You feel very mighty all of a sudden.
The frilled lizard bites you but does no damage.
The rat bites you but does no damage.
The ball python bites you but does no damage.
The ball python constricts you.
You slash Sigmund!
Sigmund is heavily wounded.
You slash the ball python!
You kill the ball python!
You hit the frilled lizard.
You kill the frilled lizard!
You slash the rat!
You kill the rat!
Sigmund says, "You will soon forget everything."
You block Sigmund's attack.
A worm comes into view.
The goblin hits you but does no damage. The kobold hits you with a +0 whip.
* * * LOW HITPOINT WARNING * * *
You completely miss Sigmund.
Sigmund is heavily wounded.
You slash the kobold!
You kill the kobold!
You barely miss the goblin. Sigmund hits you but does no damage.
The goblin hits you but does no damage.
You barely miss Sigmund.
Sigmund is heavily wounded.
You barely miss the goblin. Sigmund hits you with a +0 scythe.
* * * LOW HITPOINT WARNING * * *
The goblin hits you but does no damage. x2
Jessica casts a spell.
Jessica seems to speed up.
You closely miss Sigmund.
Sigmund is heavily wounded.
You barely miss the goblin. The goblin hits you but does no damage.
Jessica gestures at you while chanting. Pain shoots through your body!
You die...

########...##.#
#.##.##.....
#.............#
#.......#
#.#############
####.#### ...#
#.....# ...# ###
#.....# ...####
.... ##.....#
†.....# .....
#......# ......#
......##......##
......#
.....@.@g........
...####
......#@......###
...# .....
#.......# ...#
.... ......#.#
##.# ###
.#.##...... .#
#.#.# w.#.##. #
#.. ....# ###
g.###


You could see Sigmund, a worm, Jessica (fast) and a goblin.

Vanquished Creatures
  An endoplasm (D:1)
  A giant cockroach (D:1)
  2 goblins (D:1)
  4 hobgoblins (D:1)
  7 jackals
  3 quokkas (D:1)
  6 ball pythons
  3 bats
  A frilled lizard (D:2)
  3 kobolds
  3 rats
34 creatures vanquished.

Notes
Turn   | Place    | Note
-------+----------+-------------------------------------------
     0 | D:1      | lonewolfV2 the Formicid Fighter began the quest for the
                  | Orb.
     0 | D:1      | Reached XP level 1. HP: 18/18 MP: 1/1
   161 | D:1      | Reached XP level 2. HP: 24/24 MP: 2/2
   221 | D:1      | Reached skill level 1 in Dodging
   387 | D:1      | Reached skill level 1 in Invocations
   503 | D:1      | Reached XP level 3. HP: 29/29 MP: 3/3
   830 | D:2      | Found a runed translucent door.
   831 | D:2      | Noticed Crazy Yiuf
   856 | D:2      | Noticed Sigmund
   861 | D:2      | HP: 1/30 [Sigmund/+0 scythe (7)]
   862 | D:2      | Noticed Jessica
   868 | D:2      | Killed from afar by Jessica

Illustrated notes

Levels and vault maps discovered:
D:1:      saegor_arrival_simple_e, layout_basic, minivault_24,
          chequers_serial_rivers_room_b, minmay_tiny_reverse_x
D:2:      layout_loops_cross, uniq_sigmund, uniq_jessica, uniq_terence,
          uniq_crazy_yiuf_cottage

Skill      XL: |  1  2 |
---------------+-------+-----
Dodging        | 1 |  1.8
Invocations    | 1 |  1.5
Fighting       | |  3.7
Axes           | |  2.0
Armour         | |  3.2
Shields        | |  4.0

Action                     || total
---------------------------++-------
  Melee: War axe           ||    72
    Use: Potion            ||     3
         Scroll            ||     1
 Armour: Scale mail        ||     3
         Chain mail        ||    62
  Dodge: Dodged            ||    52
  Block: Buckler           ||    34
